 Dungeon Crawl Stone Soup version 0.21.1-1-g345015f (webtiles) character file.

2 tidbits the Insei (level 1, 16/17 HPs)
             Began as a Gnoll Transmuter on Mar 21, 2018.
             Quit the game on level 1 of the Dungeon.
             The game lasted 00:00:28 (28 turns).

tidbits the Insei (Gnoll Transmuter)                  Turns: 28, Time: 00:00:29

Health: 16/17      AC:  2    Str:  8    XL:     1   Next: 30%
Magic:  5/6        EV: 14    Int: 15    God:
Gold:   0          SH:  0    Dex: 15    Spells: 8/9 levels left

rFire    . . .     SeeInvis .     - Unarmed
rCold    . . .     Gourm    .   (no shield)
rNeg     . . .     Faith    .   b - +0 robe
rPois    .         Spirit   .   (no helmet)
rElec    .         Reflect  .   (no cloak)
rCorr    .         Harm     .   (no gloves)
MR       .....                  (boots currently unavailable)
Stlth    +.........             (no amulet)
HPRegen  0.05/turn              f - -4 ring of strength (curse)
MPRegen  0.10/turn              (no ring)

@: appendage
A: distributed training, fangs 1, talons 3, strong nose
a: End Transformation


You were on level 1 of the Dungeon.
You were not hungry.
You had grown temporary talons.
You visited 1 branch of the dungeon, and saw 1 of its levels.

Inventory:

Missiles
 a - 12 arrows
Armour
 b - a +0 robe (worn)
Jewellery
 f - a cursed -4 ring of strength (left hand)
   (You found it on level 1 of the Dungeon)
Books
 c - a book of Changes

   Spells                             Type                      Level
   a - Beastly Appendage              Transmutation                1
   b - Sticks to Snakes               Transmutation                2
   c - Spider Form                    Transmutation/Poison         3
   d - Ice Form                       Ice/Transmutation            4
   e - Blade Hands                    Transmutation                5
Comestibles
 d - 2 rations


   Skills:
 + Level 2.3 Fighting
 + Level 0.0 Short Blades
 + Level 0.0 Long Blades
 + Level 0.0 Axes
 + Level 0.0 Maces & Flails
 + Level 0.0 Polearms
 + Level 0.0 Staves
 + Level 0.0 Slings
 + Level 0.0 Bows
 + Level 0.0 Crossbows
 + Level 0.0 Throwing
 + Level 0.0 Armour
 + Level 4.4 Dodging
 + Level 0.0 Stealth
 + Level 0.0 Shields
 + Level 6.4 Unarmed Combat
 + Level 4.8 Spellcasting
 + Level 0.0 Conjurations
 + Level 0.0 Hexes
 + Level 0.0 Charms
 + Level 0.0 Summonings
 + Level 0.0 Necromancy
 + Level 0.0 Translocations
 + Level 3.6 Transmutations
 + Level 0.0 Fire Magic
 + Level 0.0 Ice Magic
 + Level 0.0 Air Magic
 + Level 0.0 Earth Magic
 + Level 0.0 Poison Magic
 + Level 0.0 Invocations
 + Level 0.0 Evocations


You had 8 spell levels left.
You knew the following spells:

 Your Spells              Type           Power        Failure   Level  Hunger
e - Beastly Appendage     Tmut           ##....       3%          1    None


Dungeon Overview and Level Annotations

Branches:
Dungeon (1/15)

Altars:


Innate Abilities, Weirdness & Mutations

Your experience applies equally to all skills.
You have very sharp teeth.
Your uncanny sense of smell can sniff out nearby items.
You have claws for feet.


Message History

Welcome, tidbits the Gnoll Transmuter.
Will you be the one to retrieve the fabulous Orb of Zot from the depths?
Press ? for a list of commands and other information.
Found a staircase leading out of the dungeon.
As you open the door, it creaks loudly!
A kobold comes into view. It is wielding a short sword.
The kobold shouts!
The kobold throws a stone.
The stone closely misses you.
Found a scroll labeled UCELAN LOINIY.
Casting: Beastly Appendage
Confirm with . or Enter, or press ? or * to list all spells.
Your feet morph into talons.
The kobold throws a stone.
The stone misses you.
There is an open door here.
The kobold throws a stone.
The stone closely misses you. The kobold hits you with a short sword.
Found a ration.
You hit the kobold.
You kill the kobold!
Things that are here:
a short sword; a kobold corpse
Found a knobbly moonstone ring.
Your transformation is almost over.
You see here a scroll labeled UCELAN LOINIY.
e - a scroll labeled UCELAN LOINIY You see here a ration.
d - 2 rations (gained 1)
Found 17 gold pieces.
Found an escape hatch in the floor.
A kobold comes into view. It is wielding a short sword.
The kobold shouts!
The kobold throws a stone.
The stone barely misses you.
You see here a knobbly moonstone ring.
f - a knobbly moonstone ring The kobold throws a stone.
The stone barely misses you.
Casting: Beastly Appendage
Confirm with . or Enter, or press ? or * to list all spells.
You extend your transformation's duration.
The kobold throws a stone.
The stone hits you but does no damage.
The kobold throws a stone.
The stone closely misses you.
You barely miss the kobold. Your kick misses the kobold.
You hit the kobold but do no damage.
You kill the kobold!
Put on which piece of jewellery? (? for menu, Esc to quit)
You feel weaker.
Oops, that ring feels deathly cold.
f - a cursed -4 ring of strength (left hand)
As you read the scroll labeled UCELAN LOINIY, it crumbles to dust.
It is a scroll of enchant armour.
Really abort (and waste the scroll)? [Y]es or [N]o only, please.
Really abort (and waste the scroll)?
Okay, then.
Are you sure you want to abandon this character and quit the game? (Confirm with "yes".)

.# ∆ ∆ . # #. .###.
#.... #>#.# #.#.# ###
##.#######(#.########8♣♣
....$.)@..........).'.<♣
##........((........#8♣♣
##################.###
### ∆ ∆


There were no monsters in sight!

Vanquished Creatures
  2 kobolds (D:1)
2 creatures vanquished.

Notes
Turn   | Place    | Note
-------+----------+-------------------------------------------
     0 | D:1      | tidbits the Gnoll Transmuter began the quest for the Orb.
     0 | D:1      | Reached XP level 1. HP: 17/17 MP: 6/6
    28 | D:1      | Quit the game

Action                   || total
-------------------------++-------
Melee: Unarmed           ||     3
       Kick              ||     1
 Cast: Beastly Appendage ||     2
  Use: Scroll            ||     1
Armor: Robe              ||     1
Dodge: Dodged            ||     6

Table legend:
 A = Turns spent in this place as a percentage of turns spent in the entire game.
 B = Non-inter-level travel turns spent in this place as a percentage of non-inter-level travel turns spent in the entire game.
 C = Inter-level travel turns spent in this place as a percentage of turns spent in this place.
 D = Turns resting spent in this place as a percentage of non-inter-level travel turns spent in this place.
 E = Turns spent auto-exploring this place as a percentage of non-inter-level travel turns spent in this place.
 F = Non-inter-level travel turns spent in this place divided by the number of levels of this place that you've seen.
                   A       B       C       D       E      F
               +-------+-------+-------+-------+-------+----------------------
         Total | 100.0 | 100.0 |   0.0 |   0.0 |   0.0 |  28.0
       Dungeon | 100.0 | 100.0 |   0.0 |   0.0 |   0.0 |  28.0
               +-------+-------+-------+-------+-------+----------------------

Table legend:
 A = Kills in this place as a percentage of kills in entire the game.
 B = Kills by you in this place as a percentage of kills by you in the entire game.
 C = Kills by friends in this place as a percentage of kills by friends in the entire game.
 D = Other kills in this place as a percentage of other kills in the entire game.
 E = Experience gained in this place as a percentage of experience gained in the entire game.
 F = Experience gained in this place divided by the number of levels of this place that you have seen.
                   A       B       C       D       E      F
               +-------+-------+-------+-------+-------+----------------------
         Total | 100.0 | 100.0 |   N/A |   N/A | 100.0 |   3.0
       Dungeon | 100.0 | 100.0 |   N/A |   N/A | 100.0 |   3.0
               +-------+-------+-------+-------+-------+----------------------

Vault maps used:
D:1:      saegor_arrival_simple_b
